 Dungeon Crawl Stone Soup version 0.30-a0-1070-gd49b78fada (webtiles) character file.

Game seed: 10042640037492747876

91058 GordonOverkill the Devastator (level 16, -7/100 HPs)
             Began as a Tengu Cinder Acolyte on Apr 13, 2023.
             Was an Elder of Ignis.
             Mangled by a shock serpent (11 damage)
             ... on level 1 of the Snake Pit.
             The game lasted 01:37:52 (29489 turns).

GordonOverkill the Devastator (TeCA)               Turns: 29489, Time: 01:37:52

Health: -7/100     AC: 13    Str: 16    XL:     16   Next: 2%
Magic:  35/51      EV: 12    Int: 22    God:    Ignis [****..]
Gold:   2084       SH:  9    Dex:  9    Spells: 23/39 levels left

rFire   + + .      SeeInvis .    p - staff of fire
rCold   + + .      Faith    .    W - +1 kite shield {rC+}
rNeg    . . .      Spirit   .    O - +0 steam dragon scales
rPois   +          Reflect  .    (helmet restricted)
rElec   .          Rampage  .    V - scarf {rC+ rF+}
rCorr   .                        E - +1 pair of gloves {infuse}
Will    +++..                    (boots unavailable)
Stlth   +                        e - amulet of regeneration
HPRegen 0.00/turn                D - ring "Baoly" {rPois Will++ MP+9 Slay+3}
MPRegen 0.32/turn                J - ring of the Kissing Madman {rF- MP+9 AC+4 Slay+3}

@: flying quickly and evasively, slightly contaminated, inhibited regen, quick
A: beak, talons 3, nimble flight, iridescent scales 1, mutation resistance 1,
inhibited regeneration, sturdy frame 1
a: Renounce Religion, Fiery Armour, Foxfire Swarm, Rising Flame


You were on level 1 of the Snake Pit.
You worshipped Ignis.
Ignis was greatly pleased with you.
You visited 4 branches of the dungeon, and saw 19 of its levels.
You also visited: Ossuary, Gauntlet, Ice Cave and Volcano.

You collected 3058 gold pieces.
You spent 974 gold pieces at shops.

Inventory:

Hand Weapons
 s - the +10 dagger of Truncation {spect, Dex+3}
   (You found it on level 3 of the Lair of Beasts)

   Dex:       It affects your dexterity (+3).
 H - the +9 dagger "Enaefeyto" {antimagic, rElec Str+4}
   (You found it in a Gauntlet)

   Str:       It affects your strength (+4).
   rElec:     It insulates you from electricity.
Missiles
 h - 40 poisoned darts (quivered)
Armour
 E - a +1 pair of gloves of infusion (worn)
 N - a +2 cloak
 O - +0 steam dragon scales (worn)
 V - a scarf of resistance (worn)
 W - a +1 kite shield of cold resistance (worn)
Magical Staves
 p - a staff of fire (weapon)
 X - a staff of air
Jewellery
 e - an amulet of regeneration (around neck)
 g - a ring of ice
 D - the ring "Baoly" (left hand) {rPois Will++ MP+9 Slay+3}
   (You acquired it on level 4 of the Lair of Beasts)

   [ring of magical power]

   Slay:      It affects your accuracy & damage with ranged weapons and melee
   (+3).
   rPois:     It protects you from poison.
   MP:        It affects your magic capacity (+9).
   Will:      It greatly increases your willpower.
 J - the ring of the Kissing Madman (right hand) {rF- MP+9 AC+4 Slay+3}
   (You found it in an ossuary)

   [ring of protection]

   AC:        It affects your AC (+4).
   Slay:      It affects your accuracy & damage with ranged weapons and melee
   (+3).
   rF:        It makes you vulnerable to fire.
   MP:        It affects your magic capacity (+9).
 P - the ring of Nicer {Fly rF++ rC+ Str+3 Stlth-}
   (You found it in a Gauntlet)

   [ring of flight]

   Str:       It affects your strength (+3).
   rF:        It greatly protects you from fire.
   rC:        It protects you from cold.
   Fly:       It grants you flight.
   Stlth:     It makes you less stealthy.
 R - a +6 ring of intelligence
 U - the ring of the Screaming Gods {rC+ Int+3 SInv}
   (You found it in an ice cave)

   [ring of protection from cold]

   Int:       It affects your intelligence (+3).
   rC:        It protects you from cold.
   SInv:      It lets you see invisible.
 Y - a +4 ring of protection
Wands
 b - a wand of flame (54)
 o - a wand of mindburst (1)
 r - a wand of paralysis (30)
 t - a wand of digging (2)
 v - a wand of acid (1)
 Q - a wand of polymorph (13)
Scrolls
 c - 4 scrolls of amnesia
 d - 3 scrolls of fog
 f - 5 scrolls of vulnerability
 i - 6 scrolls of teleportation
 n - 3 scrolls of fear
 u - 2 scrolls of magic mapping
 w - a scroll of butterflies
 y - 2 scrolls of poison
 A - 3 scrolls of identify
 F - a scroll of enchant armour
 L - a scroll of immolation
 M - a scroll of silence
Potions
 a - 2 potions of curing
 k - 2 potions of mutation
 m - a potion of resistance
 q - 2 potions of lignification
 x - 2 potions of magic
 z - 2 potions of berserk rage
 B - 4 potions of ambrosia
 C - a potion of invisibility
 G - 3 potions of haste
 I - 2 potions of cancellation
 K - a potion of might
Miscellaneous
 j - a phial of floods
 S - a lightning rod (inert)


   Skills:
 - Level 11.0 Fighting
 - Level 4.0(7.3) Polearms
 - Level 9.6(10.0) Staves
 - Level 3.0 Dodging
 - Level 5.0 Shields
 - Level 12.0 Spellcasting
 + Level 16.8 Conjurations
 + Level 5.4 Transmutations
 - Level 10.0 Fire Magic
 - Level 15.0 Air Magic
 - Level 2.0 Evocations


You had 23 spell levels left.
You knew the following spells:

 Your Spells              Type           Power      Damage    Failure   Level
a - Scorch                Fire           100%       2d9       1%          2
b - Sticky Flame          Conj/Fire      83%        2d9       1%          4
c - Arcjolt               Conj/Air       35%        1d45      1%          5
d - Irradiate             Conj/Tmut      29%        3d21      4%          5

Your spell library contained the following spells:

 Spells                   Type           Power      Damage    Failure   Level
 Magic Dart               Conj           100%       1d8       0%          1
 Poisonous Vapours        Pois/Air       92%        N/A       1%          2
 Mephitic Cloud           Conj/Pois/Air  56%        N/A       1%          3
 Stone Arrow              Conj/Erth      100%       3d13      1%          3
 Vhi's Electric Charge    Tloc/Air       92%        N/A       1%          3
 Flame Wave               Conj/Fire      83%        2d18      1%          4
 Sting                    Tmut/Pois      100%       1d8       4%          1
 Inner Flame              Hex/Fire       51%        N/A       5%          3
 Call Imp                 Summ           26%        N/A       21%         2
 Blade Hands              Tmut           18%        N/A       38%         5
 Animate Armour           Summ/Erth      26%        N/A       80%         4
 Olgreb's Toxic Radiance  Pois           13%        N/A       80%         4
 Maxwell's Capacitive Co  Air            34%        ∞         88%         8
 Dragon Form              Tmut           18%        N/A       100%        7
 Lehudib's Crystal Spear  Conj/Erth      25%        10d7      100%        8


Dungeon Overview and Level Annotations

Branches:
Dungeon (11/15)            Temple (0/1) D:6            Lair (5/5) D:10
  Swamp (0/4) Lair:3        Snake (1/4) Lair:3        Slime (0/5) Lair:4
    Orc (2/2) D:10            Elf (0/3) Orc:2       Ossuary (visited)
  IceCv (visited)         Volcano (visited)         Gauntlet (visited)

Altars:
Cheibriados
Dithmenos
Makhleb
Qazlal
Ru
Sif Muna
Vehumet
Jiyva

Shops:
D:3 :   D:6 *!   D:7 :   Orc:2 ?:?

Annotations:
D:10 1 runed translucent door, tish's ghost, journeyman SpHu


Innate Abilities, Weirdness & Mutations

You have a beak for a mouth.
You have claws for feet.
Your magical nature lets you fly swiftly and evasively.
You are partially covered in iridescent scales. (AC +2)
You are somewhat resistant to further mutation.
You do not regenerate when monsters are visible.
Your movements are slightly less encumbered by armour. (ER -2)


Message History

You start resting.
Your magical contamination has completely faded away.
You start resting.
HP restored.
You start resting.
A shock serpent is nearby!
Okay, then.
Okay, then.
Unknown command.
The shock serpent hisses angrily.
The shock serpent shoots out a bolt of lightning at you!
The bolt of electricity hits you!!
Casting: Sticky Flame (mildly dangerous; 1% risk of failure)
Confirm with . or Enter, or press ? or * to list all spells.
You erupt in a fountain of uncontrolled magic!
The shock serpent is blasted with magical radiation!!
The shock serpent is moderately wounded.
You are very lightly contaminated with residual magic.
The shock serpent's electric aura discharges, shocking you!
* * * LOW HITPOINT WARNING * * *
The shock serpent bites you!
* * * LOW HITPOINT WARNING * * *
The shock serpent shocks you!
* * * LOW HITPOINT WARNING * * *
Casting: Irradiate (dangerous; 4% risk of failure)
Confirm with . or Enter, or press ? or * to list all spells.
You erupt in a fountain of uncontrolled magic!
The shock serpent is blasted with magical radiation!!
The shock serpent is severely wounded.
You are lightly contaminated with residual magic.
The shock serpent's electric aura discharges, shocking you!
* * * LOW HITPOINT WARNING * * *
The shock serpent bites you.
* * * LOW HITPOINT WARNING * * *
The shock serpent shocks you!
* * * LOW HITPOINT WARNING * * *
The shock serpent bites you!
* * * LOW HITPOINT WARNING * * *
The shock serpent shocks you!
You die...

*,,.......#..#.#...#
*,,.......#....#?..#
*,,.......#.#......#
*,,......##.#..#..##
*,,.##...*#.#..#*##
*,,,*#...*###..#
**,,,*#...* ##)##
*,,,,**,,,* #S.#
*,,,,**,,,* #@.#
*,,,,**,,,* #..##
**,,,**,,,* #...#
*,,>**,,,* ##..##
*,,,**,,,* #...#
*,,,***,,** #..##
*,,,* *,,,* ####
*,,,***,,,***
*,,,,**,,,,,*


You could see a shock serpent.

Vanquished Creatures
  Donald (Orc:2)
  An azure jelly (IceCv)
  An orc warlord (Orc:1)
  3 quicksilver oozes (IceCv)
  A minotaur (Gauntlet)
  Snorg (D:11)
  Josephine (Lair:4)
  6 hydras
  3 ogre magi
  An ice dragon (Lair:5)
  A catoblepas (Lair:4)
  16 two-headed ogres
  3 death yaks (Lair:5)
  2 naga warriors (Snake:1)
  A naga sharpshooter (Snake:1)
  A hell knight (Volcano)
  A soul eater (Gauntlet)
  A deep troll (Orc:2)
  An iron troll (Orc:2)
  5 skysharks
  6 lindwurms
  A mana viper (Snake:1)
  An orc sorcerer (Orc:2)
  3 cyclopes
  An ugly thing (D:10)
  11 elephants
  13 black mambas
  A gargoyle (Volcano)
  An ice statue (IceCv)
  A molten gargoyle (Volcano)
  11 cane toads
  6 torpor snails (Lair:5)
  Maggie (D:10)
  A naga mage (Snake:1)
  A minotaur zombie (Gauntlet)
  4 rime drakes
  5 komodo dragons
  An ice devil (Gauntlet)
  2 polar bears (Lair:3)
  14 trolls
  A meliai (Gauntlet)
  7 hornets
  3 tyrant leeches (Lair:5)
  14 blink frogs
  13 slime creatures (IceCv)
  6 dream sheep (Lair:5)
  6 wraiths
  4 wyverns
  35 yaks
  2 fire bats (Volcano)
  2 steam dragons
  5 basilisks
  3 wargs (Orc:1)
  2 vampire mosquitoes (D:11)
  6 nagas
  A swamp worm (Lair:3)
  An acid dragon (D:10)
  18 water moccasins
  26 orc warriors
  7 black bears
  An ice beast (D:8)
  6 great orb of eyes simulacra (IceCv)
  22 ogres
  41 wolves
  6 centaurs
  A phantom (D:6)
  5 slime creature simulacra (IceCv)
  3 kobold brigands
  15 bullfrogs
  11 scorpions
  2 wyvern zombies (Ossuary)
  A water moccasin zombie (Ossuary)
  5 glowing shapeshifter simulacra (IceCv)
  12 wights
  6 killer bees
  7 electric eels (D:6)
  3 bullfrog zombies (Ossuary)
  5 lava snakes (Volcano)
  3 centaur zombies (Ossuary)
  A jelly (D:4)
  9 orc priests
  2 gnoll boudas (D:5)
  2 hounds
  Crazy Yiuf (D:7)
  A sleepcap (D:4)
  6 hell rats
  22 mummies (Ossuary)
  19 orc wizards
  5 iguanas
  2 killer bee zombies (Ossuary)
  3 shapeshifter simulacra (IceCv)
  20 gnolls
  3 howler monkey zombies (Ossuary)
  11 adders
  4 shadow imps
  3 white imps (Gauntlet)
  3 dart slugs
  51 orcs
  4 ball pythons
  2 bats (D:2)
  6 endoplasms
  2 giant cockroaches (D:4)
  7 goblins
  5 hobgoblins
  2 jackals (D:2)
  20 kobolds
  2 quokkas (D:4)
  A frilled lizard (D:1)
  5 rats
677 creatures vanquished.

Vanquished Creatures (others)
  24 foxfires
  36 fungi
  79 plants
  2 withered plants (Ossuary)
141 creatures vanquished.

Grand Total: 818 creatures vanquished

Notes
Turn   | Place    | Note
-------+----------+-------------------------------------------
     0 | D:1      | GordonOverkill the Tengu Cinder Acolyte began the quest for
                  | the Orb.
     0 | D:1      | Reached XP level 1. HP: 14/14 MP: 3/3
   360 | D:1      | Reached XP level 2. HP: 13/19 MP: 4/4
   363 | D:1      | Learned a level 2 spell: Scorch
  1152 | D:2      | Reached XP level 3. HP: 23/23 MP: 6/6
  1639 | D:2      | Found a faded altar of an unknown god.
  1928 | D:3      | Noticed a scorpion
  2024 | D:3      | Found Hedacafu's Book Boutique.
  2172 | D:3      | Reached XP level 4. HP: 28/28 MP: 3/8
  2239 | D:3      | Learned a level 4 spell: Sticky Flame
  2259 | D:3      | Found a snail-covered altar of Cheibriados.
  2652 | D:3      | Found a stormy altar of Qazlal.
  2654 | D:3      | Noticed an air elemental
  2656 | D:3      | Noticed a fire elemental
  2660 | D:3      | Noticed an earth elemental
  2660 | D:3      | Noticed a water elemental
  2710 | D:3      | Killed a scorpion
  2711 | D:3      | Reached skill level 1 in Conjurations
  2711 | D:3      | Gained mutation: Your magical nature lets you fly swiftly
                  | and evasively. [Tengu growth]
  2711 | D:3      | Reached XP level 5. HP: 32/32 MP: 4/9
  3367 | D:4      | Reached skill level 2 in Conjurations
  3661 | D:4      | Reached XP level 6. HP: 38/38 MP: 6/11
  3684 | D:4      | Reached skill level 5 in Fire Magic
  3695 | D:4      | Reached skill level 3 in Conjurations
  4247 | D:4      | Identified the +3 spear of Dim Light {protect, rPois rCorr
                  | Int-4 Dex+3}
  4313 | D:4      | Reached XP level 7. HP: 43/43 MP: 8/13
  4547 | D:5      | Entered Level 5 of the Dungeon
  4781 | D:5      | Reached skill level 4 in Conjurations
  5260 | D:5      | Noticed a steam dragon
  5580 | D:5      | Killed a steam dragon
  5581 | D:5      | Reached XP level 8. HP: 46/48 MP: 6/15
  5688 | D:5      | Reached skill level 5 in Conjurations
  5758 | D:4      | Reached skill level 5 in Fighting
  6370 | D:5      | Found a burning altar of Makhleb.
  6573 | D:5      | Reached skill level 6 in Conjurations
  6649 | D:5      | Reached skill level 5 in Spellcasting
  7030 | D:6      | Reached skill level 7 in Conjurations
  7200 | D:6      | Found a staircase to the Ecumenical Temple.
  7210 | D:6      | Reached XP level 9. HP: 43/54 MP: 12/17
  7283 | D:6      | Found Tury's Assorted Antiques.
  7287 | D:6      | Found Zynuagh's Distillery.
  7510 | D:6      | Reached skill level 8 in Conjurations
  7756 | D:6      | Reached skill level 9 in Conjurations
  8371 | D:7      | Reached skill level 10 in Conjurations
  8533 | D:7      | Found Voarao's Book Emporium.
  8538 | D:7      | Reached skill level 1 in Staves
  8538 | D:7      | Reached skill level 1 in Dodging
  8603 | D:7      | Found a sand-covered staircase.
  8607 | Ossuary  | Entered an ossuary
  9042 | Ossuary  | Reached XP level 10. HP: 57/60 MP: 11/19
  9407 | Ossuary  | Identified the ring of the Kissing Madman {rF- MP+9 AC+4
                  | Slay+3}
  9600 | D:7      | Reached skill level 11 in Conjurations
  9871 | D:7      | Found a sacrificial altar of Ru.
  9942 | D:7      | Found a shadowy altar of Dithmenos.
  9955 | D:7      | Found a runed translucent door.
  9956 | D:7      | Noticed Crazy Yiuf
 10358 | D:7      | Killed Crazy Yiuf
 11031 | D:8      | Reached skill level 12 in Conjurations
 11038 | D:8      | Reached XP level 11. HP: 56/67 MP: 12/22
 11999 | D:9      | Reached skill level 5 in Staves
 12260 | D:9      | Noticed a two-headed ogre
 12289 | D:9      | Killed a two-headed ogre
 12341 | D:9      | Noticed a two-headed ogre
 12347 | D:9      | Killed a two-headed ogre
 12828 | D:10     | Entered Level 10 of the Dungeon
 12882 | D:10     | Noticed a green ugly thing
 12887 | D:10     | Killed a green ugly thing
 13029 | D:10     | Found a runed translucent door.
 13232 | D:10     | Noticed Maggie
 13241 | D:10     | Killed Maggie
 13380 | D:10     | Found a staircase to the Lair.
 13409 | D:10     | Found a staircase to the Orcish Mines.
 13481 | D:10     | Noticed tish's ghost (journeyman SpHu)
 14066 | D:11     | Found a radiant altar of Vehumet.
 14083 | D:11     | Found a frozen archway.
 14123 | IceCv    | Entered an ice cave
 14232 | IceCv    | Noticed a quicksilver ooze
 14244 | IceCv    | Killed a quicksilver ooze
 14513 | IceCv    | Reached XP level 12. HP: 75/75 MP: 22/25
 14628 | IceCv    | Reached skill level 10 in Fire Magic
 15065 | IceCv    | Found a viscous altar of Jiyva.
 15065 | IceCv    | Noticed an azure jelly
 15077 | IceCv    | Killed an azure jelly
 15114 | IceCv    | Noticed a quicksilver ooze
 15133 | IceCv    | Killed a quicksilver ooze
 15134 | IceCv    | Reached skill level 10 in Fighting
 15304 | IceCv    | Got the ring of the Screaming Gods {rC+ Int+3 SInv}
 15387 | IceCv    | Noticed a quicksilver ooze
 15395 | IceCv    | Killed a quicksilver ooze
 15396 | IceCv    | Reached skill level 10 in Spellcasting
 15718 | D:11     | Noticed Snorg
 15941 | D:7      | Bought Maxwell's Memoranda for 456 gold pieces
 16031 | D:11     | Killed Snorg
 16032 | D:11     | Reached skill level 1 in Shields
 16032 | D:11     | Reached skill level 1 in Air Magic
 16275 | D:11     | Noticed a two-headed ogre
 16285 | D:11     | Killed a two-headed ogre
 16945 | D:11     | Noticed a two-headed ogre
 16953 | D:11     | Killed a two-headed ogre
 17238 | Lair:1   | Entered Level 1 of the Lair of Beasts
 17259 | Lair:1   | Reached skill level 13 in Conjurations
 17259 | Lair:1   | Reached XP level 13. HP: 44/82 MP: 27/28
 17500 | Lair:1   | Reached skill level 5 in Air Magic
 17618 | Lair:1   | Identified the +8 spear "Kutuul" {flame, Dex+3}
 18507 | Lair:2   | Reached skill level 5 in Shields
 18727 | Lair:2   | Found a gate leading to a gauntlet.
 18736 | Gauntlet | Entered a Gauntlet
 18736 | Gauntlet | Found a transporter.
 18736 | Gauntlet | Found a runed translucent door.
 18736 | Gauntlet | Found a transporter.
 18736 | Gauntlet | Found a transporter.
 18736 | Gauntlet | Found a runed translucent door.
 18841 | Gauntlet | Found a transporter.
 18854 | Gauntlet | Found a transporter.
 18855 | Gauntlet | Found the +3 pair of seven-league boots {Rampage+∞}
 18857 | Gauntlet | Found a transporter.
 18864 | Gauntlet | Found the +8 trishula "Condemnation" {holy, anguish, *Noise
                  | Fly rN+}
 18866 | Gauntlet | Found a transporter.
 18883 | Gauntlet | Found a transporter.
 18898 | Gauntlet | Found a transporter.
 18901 | Gauntlet | Found a transporter.
 18909 | Gauntlet | Found a transporter.
 18912 | Gauntlet | Found a transporter.
 19081 | Gauntlet | Identified the +9 dagger "Enaefeyto" {antimagic, rElec
                  | Str+4}
 19096 | Gauntlet | Identified the ring of Nicer {Fly rF++ rC+ Str+3 Stlth-}
 19193 | Gauntlet | Identified the +6 falchion "Guat" {freeze, Dex+3}
 19193 | Gauntlet | Noticed a minotaur
 19208 | Gauntlet | Killed a minotaur
 19209 | Gauntlet | Reached skill level 10 in Air Magic
 20168 | Lair:3   | Identified the +10 dagger of Truncation {spect, Dex+3}
 20525 | Lair:3   | Found a staircase to the Snake Pit.
 20699 | Lair:3   | Reached XP level 14. HP: 84/88 MP: 25/30
 20872 | Lair:3   | Found a staircase to the Swamp.
 21567 | Lair:3   | Learned a level 5 spell: Arcjolt
 21910 | Lair:4   | Noticed Josephine
 21918 | Lair:4   | Killed Josephine
 21919 | Lair:4   | Reached skill level 15 in Air Magic
 21954 | Lair:4   | Reached skill level 1 in Evocations
 21974 | Lair:4   | Identified a scroll of acquirement
 21975 | Lair:4   | Acquired the ring "Baoly" {rPois Will++ MP+9 Slay+3}
 21996 | Lair:4   | Found a staircase to the Slime Pits.
 22000 | Lair:4   | Found a viscous altar of Jiyva.
 22124 | Lair:4   | Found a dark tunnel.
 22132 | Volcano  | Entered a volcano
 22305 | Volcano  | Learned a level 5 spell: Irradiate
 22485 | Volcano  | Found a bloodstained altar of Trog.
 22491 | Volcano  | Reached skill level 1 in Transmutations
 23321 | Lair:5   | Entered Level 5 of the Lair of Beasts
 23336 | Lair:5   | HP: 4/88 [skyshark (6)]
 24414 | Lair:5   | Found a runed translucent door.
 24764 | Lair:5   | Paralysed by a hornet for 1 turns
 25148 | Lair:5   | Reached XP level 15. HP: 65/93 MP: 31/31
 26906 | Orc:1    | Entered Level 1 of the Orcish Mines
 27214 | Orc:1    | You are sucked into a shaft and drop 1 floor!
 27214 | Orc:2    | Entered Level 2 of the Orcish Mines
 27214 | Orc:2    | Found Evo Bauc's Armour Emporium.
 27214 | Orc:2    | Found Wosicosk's Magic Scroll Shoppe.
 27227 | Orc:2    | Reached skill level 14 in Conjurations
 27346 | Orc:1    | Reached skill level 5 in Transmutations
 27651 | Orc:2    | Reached skill level 15 in Conjurations
 27822 | Orc:2    | Found Bearewur's Book Shop.
 27827 | Orc:2    | Found Pamuysiaxag's Magic Scroll Emporium.
 27843 | Orc:2    | Bought a scroll of fear for 68 gold pieces
 27843 | Orc:2    | Bought a scroll of teleportation for 51 gold pieces
 27853 | Orc:2    | Bought a scroll of magic mapping for 105 gold pieces
 27853 | Orc:2    | Bought a scroll of teleportation for 42 gold pieces
 27853 | Orc:2    | Bought a scroll of enchant armour for 105 gold pieces
 27853 | Orc:2    | Bought a scroll of magic mapping for 105 gold pieces
 27853 | Orc:2    | Bought a scroll of teleportation for 42 gold pieces
 28017 | Orc:2    | Noticed Donald
 28053 | Orc:2    | Killed Donald
 28252 | Orc:2    | Reached skill level 16 in Conjurations
 28321 | Orc:2    | Found a staircase to the Elven Halls.
 28423 | Orc:2    | Found a shimmering blue altar of Sif Muna.
 28936 | Orc:1    | Noticed an orc warlord
 28950 | Orc:1    | Killed an orc warlord
 28959 | Orc:1    | Gained mutation: Armour fits poorly on your strangely
                  | shaped body. [mutagenic glow]
 29040 | Orc:1    | Lost mutation: Armour fits poorly on your strangely shaped
                  | body. [potion of mutation]
 29040 | Orc:1    | Gained mutation: You are partially covered in iridescent
                  | scales. (AC +2) [potion of mutation]
 29040 | Orc:1    | Gained mutation: Your movements are slightly less
                  | encumbered by armour. (ER -2) [potion of mutation]
 29040 | Orc:1    | Gained mutation: You are somewhat resistant to further
                  | mutation. [potion of mutation]
 29365 | Snake:1  | Entered Level 1 of the Snake Pit
 29389 | Snake:1  | Reached XP level 16. HP: 46/100 MP: 33/33
 29397 | Snake:1  | Gained mutation: You do not regenerate when monsters are
                  | visible. [mutagenic glow]
 29489 | Snake:1  | HP: 4/100 [shock serpent (8)]
 29489 | Snake:1  | Mangled by a shock serpent

Illustrated notes

Levels and vault maps discovered:
D:1:      denvon_arrival_planthouse, layout_loops_ring,
          hangedman_decor_diamond_cutter
D:2:      layout_rooms, hellmonk_ecumenical_altar_heavens_door
D:3:      layout_loops_ring, mainiacjoe_overflow_catwalk,
          nicolae_qazlal_style_of_elements, serial_shops, shop
D:4:      layout_loops_ring
D:5:      layout_rooms, makhleb_heckhound_becter
D:6:      hellmonk_ruined_rings, layout_basic, nicolae_overflow_hidden_temple,
          minmay_temple_entry_crystal_x, serial_bayou, serial_bayou_shore_a,
          serial_bayou_lagoon_a, serial_bayou_lake_a, serial_bayou_shore_b,
          serial_bayou_crossing, serial_bayou_ford_a, nicolae_wooded_promenade
D:7:      layout_basic, nicolae_dithmenos_the_darkroom, hangedman_ru_absence,
          nicolae_ossuary_entry_plus, serial_shops, nicolae_shop_crystal,
          minivault_25, uniq_crazy_yiuf_cottage
D:8:      layout_basic, nicolae_zen_rock_garden, st_stairs_3
D:9:      layout_loops_ring
D:10:     layout_gridville, grunt_lair_entry_orc_guard_hut,
          hellmonk_ghost_big_iron, uniq_maggie
D:11:     layout_grid_maze, portal_ice_cave_entry_pillars_2,
          vehumet_altar_wand_db, uniq_snorg
Lair:1:   layout_regular_city, fungi_pond_lemuel, nicolae_lair_lindhole
Lair:2:   layout_roguey, gauntlet_entry_generic, chequers_serial_rivers_large_b
Lair:3:   beargit_carnivore_pack, layout_regular_city, palyth_hydra_swamp_entry,
          minmay_snake_entry_guardpost_small, grunt_megastairs_2
Lair:4:   layout_misc_corridors, slime_entry_1,
          lightli_volcano_entry_magma_tube, serial_bayou_pond_a,
          eino_small_chamber_without_monster, grunt_forest_large_clearings,
          uniq_josephine
Lair:5:   wormcave, layout_cellular_growth, hangedman_lair_in_review,
          chequers_serial_rivers_large_a
Snake:1:  layout_onion_interference, serial_bayou_pond_b
Orc:1:    layout_diamond_mine
Orc:2:    st_orc_open, layout_caves, kennysheep_orc_sif_temple, uniq_donald

Skill      XL: |  1  2  3  4  5  6  7  8  9 10 11 12 13 14 15 |
---------------+----------------------------------------------+-----
Polearms       | 4 |  4.0
Spellcasting   | 2 3 4 5 7 8 10 11 12 | 12.0
Fire Magic     | 4 5 6 7 8 9 10 | 10.0
Conjurations   | 1 2 3 4 7 10 12 13 16 | 16.8
Fighting       | 4 5 7 8 10 11 | 11.0
Staves         | 1 4 6 8 9 |  9.6
Dodging        | 2 3 |  3.0
Shields        | 3 5 |  5.0
Air Magic      | 4 13 15 | 15.0
Evocations     | 2 |  2.0
Transmutations | 3 5 |  5.4

Action                     |  1- 3 |  4- 6 |  7- 9 | 10-12 | 13-15 | 16-18 || total
---------------------------+-------+-------+-------+-------+-------+-------++-------
  Melee: Spear             |    37 |       |       |       |       |       ||    37
         Peck              |     8 |     1 |    12 |    37 |    63 |     2 ||   123
         Kick              |     6 |     1 |    12 |    61 |    97 |     1 ||   178
         Punch             |     1 |       |     1 |     1 |       |       ||     3
         Staff             |       |    12 |    35 |   123 |   218 |     2 ||   390
  Throw: Dart              |       |     9 |     3 |     1 |       |       ||    13
   Cast: Scorch            |    27 |    54 |   140 |   212 |   124 |       ||   557
         Sticky Flame      |       |       |    24 |   100 |   185 |     2 ||   311
         Arcjolt           |       |       |       |       |   168 |     2 ||   170
         Irradiate         |       |       |       |       |     8 |     2 ||    10
 Invoke: Foxfire Swarm     |       |     3 |       |       |       |       ||     3
  Evoke: Wand              |       |       |    10 |    12 |    20 |     1 ||    43
         Lightning rod     |       |       |       |       |     6 |       ||     6
    Use: Scroll            |     2 |     3 |     5 |     9 |    18 |     4 ||    41
         Potion            |       |     1 |       |     6 |    14 |     5 ||    26
 Armour: Robe              |     1 |     2 |    14 |    20 |       |       ||    37
         Steam dragon scal |       |       |       |    63 |   210 |       ||   273
         Skin              |       |       |       |    20 |       |       ||    20
  Dodge: Dodged            |    17 |    17 |    72 |   165 |   269 |     2 ||   542
  Block: Kite shield       |       |       |       |    19 |   285 |     4 ||   308

Table legend: (Time is in decaauts)
 A = Elapsed time spent in this place.
 B = Non-inter-level travel time spent in this place.
 C = Inter-level travel time spent in this place.
 D = Time resting spent in this place.
 E = Time spent auto-exploring this place.
 F = Levels seen in this place.
 G = Mean time per level.
                   A        B        C        D        E       F      G
               +--------+--------+--------+--------+--------+-----+--------+
         Total |  28241 |  27053 |   1188 |  11761 |   7977 |  23 | 1227.9 |
       Dungeon |  14457 |  13654 |    803 |   5671 |   4222 |  11 | 1314.3 |
          Lair |   7748 |   7439 |    309 |   3100 |   2497 |   5 | 1549.6 |
     Snake Pit |    120 |    120 |      0 |     60 |      0 |   1 |  120.0 |
  Orcish Mines |   2141 |   2067 |     74 |    589 |   1131 |   2 | 1070.5 |
       Ossuary |    874 |    874 |      0 |    558 |     55 |   1 |  874.0 |
      Ice Cave |   1501 |   1501 |      0 |    963 |     72 |   1 | 1501.0 |
       Volcano |    844 |    844 |      0 |    506 |      0 |   1 |  844.0 |
      Gauntlet |    553 |    553 |      0 |    312 |      0 |   1 |  553.0 |
               +--------+--------+--------+--------+--------+-----+--------+

Top non-repeatable levels by time:
  Lair:5: 3392 daAuts
     D:4: 2151 daAuts
     D:6: 1597 daAuts
  Lair:3: 1579 daAuts
    D:10: 1503 daAuts
   IceCv: 1501 daAuts
    D:11: 1372 daAuts
     D:5: 1358 daAuts
     D:7: 1356 daAuts
   Orc:1: 1224 daAuts
     D:3: 1185 daAuts
  Lair:2: 1179 daAuts
     D:2: 1031 daAuts
  Lair:1: 1014 daAuts
     D:9: 981 daAuts
